 Dungeon Crawl Stone Soup version 0.19.5 (webtiles) character file.

49 Keye the Magician (level 3, -7/19 HPs)
             Began as a Deep Elf Wizard on May 9, 2017.
             Was a Follower of Qazlal.
             Killed by divine providence
             ... invoked by an orc priest
              (15 damage)
             ... on level 3 of the Dungeon.
             The game lasted 00:06:56 (1595 turns).

Keye the Magician (Deep Elf Wizard)                 Turns: 1595, Time: 00:06:57

Health: -7/19      AC:  2    Str:  4    XL:     3   Next: 53%
Magic:  0/10       EV: 13    Int: 23    God:    Qazlal [*.....]
Gold:   99         SH:  2    Dex: 13    Spells: 4 memorised, 2 levels left

rFire  . . .     SeeInvis .     (no weapon)
rCold  . . .     Gourm    .     a - +0 robe
rNeg   . . .     Faith    .     (no shield)
rPois  .         Spirit   .     b - +0 hat
rElec  .         Reflect  .     (no cloak)
rCorr  .         Harm     .     (no gloves)
MR     .....                    (no boots)
Stlth  ++........               (no amulet)
                                (no ring)
                                e - ring of wizardry

@: very slightly contaminated
A: no striking features
a: Renounce Religion


You were on level 3 of the Dungeon.
You worshipped Qazlal.
Qazlal was aware of your devotion.
You were not hungry.

You visited 1 branch of the dungeon, and saw 3 of its levels.

You collected 99 gold pieces.

Inventory:

Armour
 a - a +0 robe (worn)
 b - a +0 hat (worn)
Jewellery
 e - a ring of wizardry (left hand)
Scrolls
 g - a scroll of enchant weapon {unknown}
 h - a scroll of blinking {unknown}
 j - a scroll of recharging {unknown}
 k - a scroll of identify {unknown}
Potions
 i - 2 potions of lignification {unknown}
 l - a potion of flight {unknown}
Books
 c - a book of Minor Magic

   Spells                             Type                      Level
   a - Magic Dart                     Conjuration                  1
   b - Blink                          Translocation                2
   c - Call Imp                       Summoning                    2
   d - Repel Missiles                 Charms/Air                   2
   e - Slow                           Hexes                        2
   f - Conjure Flame                  Conjuration/Fire             3
   g - Mephitic Cloud                 Conjuration/Poison/Air       3
Comestibles
 d - 2 bread rations


   Skills:
 - Level 2.4 Dodging
 - Level 2.4 Stealth
 - Level 4.4 Spellcasting
 + Level 3.5 Conjurations
 - Level 1.1 Summonings
 - Level 1.1 Translocations
 + Level 0.8 Air Magic
 + Level 0.4 Poison Magic


You had 2 spell levels left.
You knew the following spells:

 Your Spells              Type           Power        Failure   Level  Hunger
a - Magic Dart            Conj           ###.         1%          1    None
b - Call Imp              Summ           ##......     4%          2    None
c - Blink                 Tloc           N/A          4%          2    None
d - Mephitic Cloud        Conj/Pois/Air  ##......     7%          3    ##.....


Dungeon Overview and Level Annotations

Branches:
Dungeon (3/15)

Altars:
Nemelex Xobeh
Qazlal


Message History

The orc priest is heavily wounded.
The orc priest invokes the aid of Beogh against you.
You barely resist. You hit the orc priest.
The orc priest is severely wounded.
The orc priest looks braver for a moment.
Casting: Mephitic Cloud
Confirm with . or Enter, or press ? or * to list all spells.
Aiming: Magic Dart
Press: ? - help, Shift-Dir - straight line, f/p - orc priest
Aim: an orc priest, wielding a short sword (severely wounded)
The magic dart hits the orc priest.
The orc priest is almost dead.
The orc priest misses you.
The orc priest looks encouraged for a moment.
You see here 26 stones.
The orc priest calls down the wrath of Beogh upon you.
Beogh smites you!
Ouch! That really hurt!
You die...

#. #. #+#
#.# #.# #..
#.# #.# #.#
#..###.#
#...o..#
####..(##.#
#....#@##.#
...#..#.##.#
.. ##.#..#.#
##....#.#
#...#o..#
####.#...#
#.#).#...#
##.#<.#...#
#.)###..#>#


You could see 2 orc priests.

Vanquished Creatures
  An ooze (D:2)
  2 worms (D:2)
  2 dart slugs
  3 leopard geckos
  2 orcs (D:3)
  2 hobgoblins
  A jackal (D:2)
  2 bats
  2 frilled lizards
  3 goblins (D:2)
  2 kobolds
  4 rats (D:2)
26 creatures vanquished.

Vanquished Creatures (collateral kills)
  A worm (D:2)
  A giant cockroach (D:2)
  A hobgoblin (D:1)
  3 jackals (D:2)
6 creatures vanquished.

Grand Total: 32 creatures vanquished

Notes
Turn   | Place    | Note
-------+----------+-------------------------------------------
     0 | D:1      | Keye the Deep Elf Wizard began the quest for the Orb.
     0 | D:1      | Reached XP level 1. HP: 10/10 MP: 7/7
   367 | D:1      | Reached XP level 2. HP: 15/15 MP: 5/9
   371 | D:1      | Learned a level 2 spell: Call Imp
   374 | D:1      | Learned a level 2 spell: Blink
   962 | D:2      | Reached XP level 3. HP: 19/19 MP: 7/10
   967 | D:2      | Learned a level 3 spell: Mephitic Cloud
  1067 | D:2      | Found a faded altar of an unknown god.
  1073 | D:2      | Became a worshipper of Qazlal Stormbringer
  1073 | D:2      | Reached * piety under Qazlal
  1094 | D:2      | Found a sparkling altar of Nemelex Xobeh.
  1595 | D:3      | Killed from afar by an orc priest

Skill      XL: |  1  2 |
---------------+-------+-----
Conjurations   | 2 3 |  3.5
Dodging        | |  2.4
Stealth        | |  2.4
Spellcasting   | |  4.4
Summonings     | |  1.1
Translocations | |  1.1
Air Magic      | |  0.8
Poison Magic   | |  0.4

Action                   || total
-------------------------++-------
Melee: Unarmed           ||     3
 Cast: Magic Dart        ||    64
       Call Imp          ||     4
       Mephitic Cloud    ||     5
  Eat: Chunk             ||     2
Dodge: Dodged            ||    12
Block: Other             ||     1
